Map: Ulrena

Players

Grumm - Winner!

  • Race: Protoss Protoss
  • League: Gold

Saragoo

  • Race: Zerg Zerg
  • League: Gold

VOD

Have the link to the VOD?

Description

Time

  • Played on: Jan. 23, 2016, 3:38 p.m.
  • Length: 10:04
Show
View Real Time Build Order
Export as new Build Order

Grumm Protoss - Winner!

Build Orders: Oracle Opening 

Get SALT Encoding   

  12  0:02  Probe (Chrono Boost)  
  13  0:12  Probe (Chrono Boost)  
  14  0:19  Pylon  
  14  0:23  Probe (Chrono Boost)  
  15  0:37  Gateway  
  15  0:39  Probe (Chrono Boost)  
  16  0:47  Assimilator  
  16  0:50  Probe (Chrono Boost)  
  17  1:02  Gateway  
  17  1:05  Probe (Chrono Boost)  
  18  1:16  Probe (Chrono Boost)  
  19  1:25  Cybernetics Core  
  19  1:26  Probe (Chrono Boost)  
  19  1:28  Zealot  
  22  1:37  Probe (Chrono Boost)  
  23  1:46  Assimilator  
  23  1:57  Pylon  
  23  2:01  Warp Gate (Chrono Boost)  
  23  2:15  Probe  
  24  2:20  Nexus  
  24  2:26  Adept  
  26  2:32  Adept  
  28  2:45  Stargate  
  28  3:01  Pylon  
  28  3:13  Zealot  
  28  3:18  Stalker  
  30  3:54  Probe  
  30  3:55  Probe  
  29  3:58  Oracle  
  31  4:05  Probe  
  31  4:07  Probe  
  31  4:08  Gateway  
  33  4:11  Robotics Facility  
  33  4:16  Pylon  
  32  4:20  Probe  
  32  4:22  Probe  
  32  4:23  Stalker  
  36  4:27  Adept  
  36  4:31  Probe  
  39  4:42  Probe  
  40  4:46  Gateway  
  40  4:50  Assimilator  
  36  5:18  Immortal (Chrono Boost)  
  36  5:21  Probe  
  33  5:25  Stalker x2  
  33  5:26  Probe  
  33  5:28  Void Ray (Chrono Boost)  
  46  5:37  Zealot  
  48  5:44  Probe  
  48  5:47  Mothership Core  
  51  5:53  Assimilator  
  51  5:56  Probe, Stalker  
  54  6:01  Immortal  
  54  6:08  Probe x2  
  60  6:16  Stalker  
  62  6:22  Pylon  
  62  6:41  Void Ray (Chrono Boost), Probe x2  
  68  6:53  Probe x2  
  70  6:59  Forge  
  70  7:03  Pylon  
  70  7:10  Pylon  
  70  7:15  Pylon  
  70  7:16  Gateway, Immortal  
  70  7:20  Gateway  
  70  7:21  Probe x2  
  76  7:33  Probe x2  
  75  7:39  Zealot  
  75  7:40  Zealot x3  
  83  7:45  Probe  
  83  7:50  Void Ray (Chrono Boost)  
  88  7:52  Observer  
  81  8:18  Immortal  
  75  8:21  Stalker x3  
  75  8:22  Stalker  
  67  9:02  Probe x2  
  69  9:06  Stalker x3  
  69  9:07  Stalker, Immortal  
  67  9:36  Nexus  
Show
View Real Time Build Order
Export as new Build Order

Saragoo Zerg 

Build Orders: Hatch First 

Get SALT Encoding   

  12  0:01  Drone  
  13  0:08  Drone  
  14  0:17  Overlord  
  14  0:43  Hatchery  
  14  0:45  Drone  
  14  0:47  Extractor  
  13  0:51  Drone  
  14  0:59  Drone  
  15  1:13  Spawning Pool  
  14  1:18  Drone  
  14  1:23  Drone  
  16  1:31  Drone  
  17  1:32  Drone  
  18  1:43  Overlord  
  18  2:01  Queen  
  20  2:03  Queen  
  22  2:09  Drone  
  22  2:13  Metabolic Boost  
  23  2:20  Zergling x2  
  23  2:21  Zergling x2  
  25  2:31  Drone x2  
  25  2:32  Drone  
  29  2:44  Drone x3  
  31  2:54  Overlord  
  31  2:56  Zergling x4  
  32  3:14  Drone  
  32  3:27  Queen  
  32  3:29  Lair  
  33  3:34  Evolution Chamber  
  33  3:36  Roach Warren  
  33  3:37  Extractor  
  29  3:43  Zergling x4  
  30  3:59  Drone x3  
  30  4:00  Zerg Missile Weapons Level 1  
  33  4:20  Hatchery  
  32  4:28  Glial Reconstitution  
  32  4:33  Drone x3  
  35  4:40  Spine Crawler  
  34  4:51  Roach x2  
  38  4:59  Zergling x2, Roach x2  
  37  5:11  Spore Crawler  
  31  5:27  Queen  
  33  5:28  Roach  
  33  5:29  Roach  
  33  5:34  Drone  
  38  5:38  Spore Crawler  
  36  5:46  Drone x2  
  38  5:57  Spore Crawler  
  37  5:58  Drone x2  
  39  6:12  Drone x4  
  43  6:22  Overlord  
  43  6:37  Overlord x2  
  43  6:39  Drone  
  44  6:41  Drone x2  
  46  6:49  Roach x2  
  50  6:56  Queen  
  52  7:08  Drone x5  
  57  7:23  Drone x2  
  57  7:25  Drone x3  
  57  7:27  Drone x2  
  60  7:40  Roach x2  
  60  7:42  Ravager x2  
  66  7:44  Overlord x2  
  66  7:46  Overseer  
  64  8:02  Roach  
  64  8:03  Roach x5  
  60  8:13  Roach x3  
  62  8:22  Roach x3  
  57  8:29  Queen  
  50  8:42  Roach x4  
  50  8:43  Roach  
  50  8:45  Queen  
  59  8:55  Roach x2  
  53  9:14  Drone x2  
  53  9:15  Drone x4  
  57  9:24  Roach x5  
  57  9:36  Hydralisk Den, Roach x2  
Tags
 
Add a new tag
Caveats
  • Supply blocks, unpowered buildings, or Contaminate may cause inaccurate times.
  • Supply counts are checked every 10 seconds.